 Dungeon Crawl Stone Soup version 0.30.0 (webtiles) character file.

Game seed: 3934205066439855057

13766 Curry the Severer (level 11, -12/99 HPs)
             Began as a Minotaur Berserker on June 3, 2023.
             Was an Elder of Trog.
             Mangled by Rupert
             ... wielding a +1 great mace of holy wrath
              (23 damage)
             ... on level 12 of the Dungeon.
             The game lasted 00:26:38 (9018 turns).

Curry the Severer (Minotaur Berserker)              Turns: 9018, Time: 00:26:40

Health: -12/99     AC: 18    Str: 26    XL:     11   Next: 79%
Magic:  0/10       EV: 14    Int:  4    God:    Trog [****..]
Gold:   513        SH:  0    Dex: 12    Spells: 10/10 levels left

rFire   + . .        s - +3 battleaxe (freeze)
rCold   x . .        (shield currently unavailable)
rNeg    . . .        x - +1 plate armour
rPois   .            (helmet restricted)
rElec   .            (no cloak)
rCorr   .            d - +0 pair of gloves
SInv    .            g - +0 pair of boots "Vekkups" {Slay+3}
Will    .....        C - amulet of guardian spirit Stlth
                     m - +5 ring of evasion
HPRegen 0.36/turn    y - ring "Doejiumo" {Fire Dex+2 Slay+2}
MPRegen 0.12/turn

%: guardian spirit
@: mighty, on berserk cooldown, slowed, very slow
A: horns 2, retaliatory headbutt
a: Renounce Religion, Berserk, Trog's Hand, Brothers in Arms


You were on level 12 of the Dungeon.
You worshipped Trog.
Trog was greatly pleased with you.
You visited 1 branch of the dungeon, and saw 12 of its levels.
You visited the Abyss 1 time.

You collected 647 gold pieces.
You spent 134 gold pieces at shops.

Inventory:

Hand Weapons
 s - a +3 battleaxe of freezing (weapon)
Missiles
 a - 5 throwing nets (quivered)
Armour
 d - a +0 pair of gloves (worn)
 g - the +0 pair of boots "Vekkups" (worn) {Slay+3}
   (You found it on level 3 of the Dungeon)

   Slay:      It affects your accuracy & damage with ranged weapons and melee
   (+3).
 v - a +0 kite shield
 x - a +1 plate armour (worn)
Jewellery
 m - a +5 ring of evasion (left hand)
 y - the ring "Doejiumo" (right hand) {Fire Dex+2 Slay+2}
   (You found it on level 8 of the Dungeon)

   [ring of fire]

   It enhances your fire magic.
   Dex:       It affects your dexterity (+2).
   Slay:      It affects your accuracy & damage with ranged weapons and melee
   (+2).
   rF:        It protects you from fire.
   rC:        It makes you vulnerable to cold.
 B - a ring of positive energy
 C - an amulet of guardian spirit (around neck)
Wands
 e - a wand of iceblast (3)
 j - a wand of light (2)
 l - a wand of mindburst (18)
 A - a wand of flame (3)
Scrolls
 f - 7 scrolls of teleportation
 i - a scroll of amnesia
 t - a scroll of fog
 u - 3 scrolls of blinking
 D - 2 scrolls of identify
Potions
 b - 2 potions of brilliance
 c - 2 potions of degeneration
 h - 4 potions of curing
 k - 2 potions of berserk rage
 n - 2 potions of attraction
 o - 3 potions of flight {unknown}
 p - 4 potions of lignification
 q - a potion of heal wounds {unknown}
 r - a potion of ambrosia
 w - 2 potions of mutation {unknown}


   Skills:
 + Level 10.1 Fighting
 + Level 15.2(15.9) Axes
 + Level 7.0(12.0) Maces & Flails
 + Level 3.6(10.5) Polearms
 + Level 10.7 Armour
 + Level 5.3 Dodging
 + Level 1.6 Stealth
 + Level 2.1 Shields


You had 10 spell levels left.
You didn't know any spells.
Your spell library was empty.

Dungeon Overview and Level Annotations

Branches:
Dungeon (12/15)            Temple (0/1) D:6             Orc (0/2) D:11
   Lair: D:8-11

Altars:
Dithmenos
Gozag
Makhleb
Ru
Sif Muna
Vehumet
Wu Jian
Yredelemnul

Shops:
D:2 (   D:6 [   D:7 :

Annotations:
D:4 2 runed translucent doors, Eeriemist's ghost, novice MiFi
D:6 3 runed translucent doors, IceLeopardTea's ghost, novice DrCj; PiratePeteNZ's ghost, novice HOFi
D:12 Rupert


Innate Abilities, Weirdness & Mutations

You have a pair of horns on your head.
You reflexively headbutt those who attack you in melee.


Message History

Rupert is lightly wounded.
You slice the komodo dragon!! You freeze the komodo dragon!
You kill the komodo dragon!
Trog accepts your kill.
A vampire mosquito comes into view.
Rupert closely misses you.
You closely miss Rupert. You headbutt Rupert!
Rupert is lightly wounded.
Rupert hits you with a +1 great mace of holy wrath!!
A troll comes into view.
Rupert hits you with a +1 great mace of holy wrath!
* * * LOW HITPOINT WARNING * * *
You see here a potion of might.
You slice Rupert!! You freeze Rupert! You headbutt Rupert.
Rupert is moderately wounded.
Rupert hits you with a +1 great mace of holy wrath!
* * * LOW HITPOINT WARNING * * *
You slice Rupert!! You freeze Rupert.
Rupert is heavily wounded.
Rupert hits you but does no damage.
You slash Rupert! You freeze Rupert.
Rupert is heavily wounded.
You slice the vampire mosquito!! You freeze the vampire mosquito.
The vampire mosquito misses you. You furiously retaliate!
You headbutt the vampire mosquito!!
You destroy the vampire mosquito!
Trog accepts your kill.
Rupert hits you with a +1 great mace of holy wrath!
* * * LOW HITPOINT WARNING * * *
You slice Rupert!! You freeze Rupert! You headbutt Rupert!
Rupert is severely wounded.
Rupert hits you with a +1 great mace of holy wrath!
* * * LOW HITPOINT WARNING * * *
You slice Rupert!! You freeze Rupert.
Rupert is almost dead.
You are no longer berserk.
You are exhausted.
You feel yourself slow down.
Rupert hits you with a +1 great mace of holy wrath!!
You die...

............# #........#
.#..........###........#
.#..........##..########
.#..........#..##
#..........#.#####
#................##
#.................##
..............#
####....†@@...#
#.....?....#
#..........#
#......T...#
##........## ..........#
#.......... ...........#


You could see Rupert (berserk) and a troll.

Vanquished Creatures
  Harold (D:9)
  2 two-headed ogres
  A thrashing horror (Abyss:1)
  The ghost of subdon the Trooper, a novice DsBe of Trog (D:8)
  Pikel (D:4)
  3 ugly things
  3 gargoyles (D:10)
  2 unseen horrors (D:10)
  3 komodo dragons
  An ancient zyme (Abyss:1)
  3 trolls
  A hornet (D:9)
  A ynoxinul (Abyss:1)
  12 yaks
  A wraith (D:9)
  A wyvern (D:8)
  A basilisk (D:11)
  A vampire mosquito (D:12)
  2 acid dragons (D:11)
  3 water moccasins
  4 ice beasts
  2 orc warriors
  A black bear (D:6)
  2 ogres (D:5)
  4 centaurs (D:9)
  2 lemures (D:4)
  3 kobold brigands
  5 bullfrogs
  A scorpion (D:6)
  2 gnoll sergeants
  3 wights (D:8)
  8 killer bees
  A howler monkey (D:9)
  A bullfrog zombie (D:5)
  A hound (D:5)
  2 jellies
  A gnoll bouda (D:7)
  2 orc priests
  A scorpion zombie (D:5)
  3 sleepcaps
  4 iguanas
  3 orc wizards
  2 centaur simulacra (D:8)
  Robin (D:2)
  7 gnolls
  9 adders
  A river rat (D:3)
  7 white imps
  A howler monkey simulacrum (D:8)
  2 ufetubi
  2 worms (D:3)
  3 dart slugs
  16 orcs
  3 endoplasms
  5 giant cockroaches
  8 hobgoblins
  3 jackals (D:4)
  15 kobolds
  3 quokkas
  10 ball pythons
  5 bats
  6 frilled lizards
  11 goblins
  9 rats
229 creatures vanquished.

Vanquished Creatures (others)
  6 withered plants (D:6)
6 creatures vanquished.

Grand Total: 235 creatures vanquished

Notes
Turn   | Place    | Note
-------+----------+-------------------------------------------
     0 | D:1      | Curry the Minotaur Berserker began the quest for the Orb.
     0 | D:1      | Reached XP level 1. HP: 19/19 MP: 0/0
   241 | D:1      | Reached XP level 2. HP: 26/27 MP: 1/1
   432 | D:1      | Reached skill level 4 in Axes
   894 | D:2      | Reached ** piety under Trog
   925 | D:2      | Reached XP level 3. HP: 34/34 MP: 2/2
  1103 | D:2      | Found Edwowonone's Weapon Shoppe.
  1118 | D:2      | Noticed Robin
  1122 | D:2      | Killed Robin
  1186 | D:2      | Reached XP level 4. HP: 41/41 MP: 3/3
  1405 | D:3      | Reached skill level 5 in Fighting
  1519 | D:3      | Identified the +0 pair of boots "Vekkups" {Slay+3}
  1674 | D:3      | Reached *** piety under Trog
  1681 | D:3      | Reached XP level 5. HP: 48/48 MP: 4/4
  1730 | D:3      | Found a radiant altar of Vehumet.
  2526 | D:4      | Found a runed translucent door.
  2532 | D:4      | Noticed Eeriemist's ghost (novice MiFi)
  2609 | D:4      | Found a runed translucent door.
  2688 | D:4      | Reached skill level 5 in Axes
  2825 | D:4      | Noticed a lemure
  2826 | D:4      | Noticed a lemure
  2828 | D:4      | Noticed Pikel
  2830 | D:4      | Noticed a lemure
  2831 | D:4      | Killed a lemure
  2833 | D:4      | Noticed a lemure
  2837 | D:4      | Killed a lemure
  2843 | D:4      | Killed Pikel
  2844 | D:4      | Reached skill level 6 in Axes
  2844 | D:4      | Reached skill level 5 in Armour
  2844 | D:4      | Reached XP level 6. HP: 29/56 MP: 5/5
  2844 | D:4      | Reached XP level 7. HP: 32/61 MP: 6/6
  3077 | D:5      | Entered Level 5 of the Dungeon
  3149 | D:5      | Reached skill level 7 in Axes
  3158 | D:5      | Found a basalt altar of Yredelemnul.
  3357 | D:5      | Found an ornate altar of the Wu Jian Council.
  3386 | D:5      | Reached skill level 8 in Axes
  3386 | D:5      | Reached XP level 8. HP: 70/70 MP: 7/7
  3623 | D:6      | Found a burning altar of Makhleb.
  3637 | D:6      | Found a runed translucent gate.
  3637 | D:6      | Found a runed translucent gate.
  3637 | D:6      | Found a runed translucent gate.
  3637 | D:6      | Noticed PiratePeteNZ's ghost (novice HOFi)
  3638 | D:6      | Noticed IceLeopardTea's ghost (novice DrCj)
  3669 | D:6      | Found Iliradumn's Armour Shop.
  3675 | D:6      | Bought a +0 buckler for 67 gold pieces
  3675 | D:6      | Bought a +0 pair of gloves for 67 gold pieces
  3706 | D:6      | Found a staircase to the Ecumenical Temple.
  3775 | D:6      | Reached skill level 1 in Maces & Flails
  4334 | D:7      | Found an opulent altar of Gozag.
  4491 | D:7      | Reached **** piety under Trog
  4510 | D:7      | Reached skill level 9 in Axes
  4745 | D:7      | Found Mupraec's Book Emporium.
  4998 | D:8      | Reached skill level 5 in Maces & Flails
  4998 | D:8      | Reached XP level 9. HP: 75/75 MP: 8/8
  5221 | D:8      | Noticed subdon's ghost (novice DsBe)
  5251 | Abyss:1  | Cast into level 1 of the Abyss (unwielding a weapon of
                  | distortion)
  5266 | Abyss:1  | Found a corrupted altar of Lugonu.
  5285 | Abyss:1  | Noticed an ancient zyme
  5294 | Abyss:1  | Killed an ancient zyme
  5295 | Abyss:1  | Reached skill level 1 in Polearms
  5295 | Abyss:1  | Reached skill level 1 in Shields
  5381 | Abyss:1  | Noticed a juggernaut simulacrum
  5388 | Abyss:1  | Noticed a thrashing horror
  5401 | Abyss:1  | Killed a thrashing horror
  5402 | Abyss:1  | Reached skill level 1 in Stealth
  5515 | D:8      | Escaped the Abyss
  5620 | D:8      | Found a sacrificial altar of Ru.
  5761 | D:8      | Found a runed translucent gate.
  5761 | D:8      | Found a runed translucent gate.
  5761 | D:8      | Found a runed translucent gate.
  5986 | D:8      | Reached XP level 10. HP: 86/86 MP: 9/9
  5988 | D:8      | Reached skill level 10 in Axes
  6255 | D:8      | Killed subdon's ghost
  6280 | D:8      | Got the ring "Doejiumo" {Fire Dex+2 Slay+2}
  6448 | D:9      | Reached skill level 11 in Axes
  6474 | D:9      | Noticed Harold
  6481 | D:9      | Killed Harold
  6543 | D:9      | Reached skill level 12 in Axes
  6634 | D:9      | Noticed a green ugly thing
  6637 | D:9      | Killed a green ugly thing
  6638 | D:9      | Reached skill level 5 in Dodging
  6661 | D:9      | Found a shadowy altar of Dithmenos.
  6884 | D:9      | Noticed a two-headed ogre
  6889 | D:9      | Killed a two-headed ogre
  6890 | D:9      | Reached skill level 13 in Axes
  6890 | D:9      | Reached XP level 11. HP: 63/97 MP: 10/10
  7033 | D:9      | Found a flagged portal.
  7185 | D:9      | Found a shimmering blue altar of Sif Muna.
  7460 | D:10     | Entered Level 10 of the Dungeon
  7741 | D:10     | Reached skill level 10 in Armour
  7814 | D:10     | Reached skill level 14 in Axes
  7926 | D:10     | You fall into a shaft and drop 1 floor!
  8078 | D:11     | Reached ***** piety under Trog
  8100 | D:11     | Noticed a purple ugly thing
  8151 | D:11     | Killed a purple ugly thing
  8356 | D:11     | Noticed a two-headed ogre
  8365 | D:11     | Killed a two-headed ogre
  8414 | D:11     | Reached skill level 10 in Fighting
  8645 | D:11     | Found a staircase to the Orcish Mines.
  8936 | D:12     | Noticed a purple ugly thing
  8947 | D:12     | Killed a purple ugly thing
  8948 | D:12     | Reached skill level 15 in Axes
  9001 | D:12     | Noticed Rupert
  9004 | D:12     | Paralysed by Rupert for 5 turns
  9018 | D:12     | Mangled by Rupert

Illustrated notes

Levels and vault maps discovered:
D:1:      lemuel_arrival_river_bridge, layout_loops_ring,
          palyth_stone_intersect, minmay_curled_crystal, minmay_three_crescents
D:2:      layout_rooms, serial_shops, nicolae_shop_bloodbath_and_beyond,
          uniq_robin
D:3:      layout_basic, mainiacjoe_overflow_small_starburst,
          gup_sewer_entry_spiral, grunt_ministairs_3, hex_tiny,
          roderic_lattice_a, chequers_serial_rivers_room_b,
          hangedman_abyss_or_decor_lesser_grid, minmay_randomly_rotated_circles
D:4:      layout_rooms, ebering_ghost_sewer_f, uniq_pikel
D:5:      layout_gridville, lemuel_zombie_altar_yredelemnul, lemuel_tele_altar,
          chequers_serial_rivers_room_a, wad_floor_pattern_untrapped
D:6:      layout_basic, nicolae_overflow_hidden_temple,
          mainiacjoe_overflow_six_doors_small, temple_green,
          gammafunk_ghost_cemetery, serial_shops, nicolae_shop_statue_plus
D:7:      layout_rooms, grunt_gozag_statues, serial_shops,
          nicolae_shop_behind_doors, hex_medium
D:8:      layout_basic, nicolae_ru_great_annihilating_truth, gammafunk_ghost_icy
D:9:      minmay_angry_zag, layout_loops_ring, nicolae_overflow_crystal_walls,
          overflow_temple_1_default, enter_bailey_4, uniq_harold
D:10:     layout_loops_ring, gammafunk_temple_overflow_claw, lair_entry_dummy
D:11:     layout_irregular_city, orc_0_dummy, grunt_ministairs_3
D:12:     layout_rooms, uniq_rupert

Skill      XL: |  1  2  3  4  5  6  7  8  9 10 11 |
---------------+----------------------------------+-----
Fighting       | 4 5 6 7 9 10 | 10.1
Axes           | 4 6 8 9 13 15 | 15.2
Armour         | 3 5 6 7 9 10 | 10.7
Dodging        | 3 4 5 |  5.3
Maces & Flails | 5 7 |  7.0
Polearms       | 3 |  3.6
Shields        | 2 |  2.1
Stealth        | 1 |  1.6

Action                     |  1- 3 |  4- 6 |  7- 9 | 10-12 || total
---------------------------+-------+-------+-------+-------++-------
  Melee: Hand axe          |    81 |    76 |       |       ||   157
         Headbutt          |     7 |     8 |    28 |    25 ||    68
         Punch             |     2 |       |       |       ||     2
         Whip              |       |       |   113 |       ||   113
         Battleaxe         |       |       |    32 |   158 ||   190
         Trident           |       |       |     8 |       ||     8
 Invoke: Berserk           |     1 |     1 |       |     3 ||     5
    Use: Scroll            |       |    13 |     4 |     5 ||    22
         Potion            |       |     1 |       |     1 ||     2
   Stab: Paralysed         |       |       |     1 |       ||     1
 Armour: Ring mail         |     7 |     2 |       |       ||     9
         Animal skin       |     1 |       |       |       ||     1
         Chain mail        |       |    13 |    25 |       ||    38
         Plate armour      |       |       |    12 |    63 ||    75
  Dodge: Dodged            |    74 |    64 |   110 |    92 ||   340
  Block: Kite shield       |       |       |    14 |       ||    14
         Buckler           |       |       |     3 |       ||     3
